Map: White Rabbit LE

Players

Bartz - Winner!

  • Race: Terran Terran
  • League: Platinum
  • Spawn Location: 7:00

blink

  • Race: Zerg Zerg
  • League: Diamond
  • Spawn Location: 1:00

VOD

Have the link to the VOD?

Description

Time

  • Played on: April 20, 2026, 7:58 a.m.
  • Length: 19:51
Show
View Real Time Build Order
Export as new Build Order

Bartz Terran - Winner!

Build Orders:  

Get SALT Encoding   

  12  0:00  SCV  
  13  0:13  Supply Depot  
  13  0:19  SCV  
  14  0:25  Refinery  
  14  0:38  Barracks  
  14  0:42  SCV  
  15  0:54  SCV  
  16  1:06  SCV  
  17  1:20  Barracks  
  17  1:27  Supply Depot  
  17  1:31  Barracks Tech Lab  
  17  1:34  Orbital Command  
  17  1:53  Factory  
  17  2:00  SCV  
  18  2:05  Marauder  
  20  2:15  Refinery  
  20  2:22  SCV  
  21  2:23  Barracks Reactor  
  21  2:26  Marine  
  22  2:36  Hellion  
  24  2:44  Marine  
  24  2:50  Command Center  
  27  3:00  Marine  
  27  3:02  Marauder  
  27  3:04  Marine  
  31  3:11  Factory Tech Lab  
  29  3:18  Marine  
  30  3:20  Supply Depot  
  30  3:22  SCV  
  31  3:41  Marine x2, Marauder  
  31  3:43  Siege Tank  
  38  3:49  SCV  
  39  3:57  Supply Depot  
  39  4:02  Marine  
  40  4:08  Stimpack  
  40  4:10  Marine  
  40  4:15  Siege Tank  
  44  4:17  SCV  
  45  4:27  Starport  
  45  4:28  Marine  
  45  4:29  SCV  
  45  4:31  SCV  
  48  4:41  SCV  
  49  4:47  Marine x2  
  49  4:48  Marine  
  49  5:05  Marine x3  
  46  5:08  Siege Tank  
  49  5:16  SCV x2  
  51  5:23  Marine x3  
  49  5:28  SCV  
  45  5:37  SCV  
  45  5:40  SCV  
  45  5:41  Marine x2, Starport Reactor  
  45  5:42  Marauder  
  46  5:49  SCV  
  45  5:58  Siege Tank  
  45  5:59  Marine x2  
  45  6:01  SCV  
  45  6:03  Marauder  
  52  6:16  Marine x2  
  52  6:17  Liberator  
  57  6:18  Liberator  
  57  6:24  Marine  
  61  6:32  SCV  
  62  6:35  Marine, SCV  
  62  6:47  Marine  
  62  6:52  Combat Shield  
  62  6:57  Supply Depot  
  62  6:58  Supply Depot  
  62  6:59  Refinery  
  62  7:04  Refinery  
  62  7:18  Marine x3, SCV x2, Siege Tank  
  70  7:25  Supply Depot  
  70  7:30  SCV x2  
  70  7:36  Marine x3  
  75  7:54  Marine x3  
  75  7:57  Liberator  
  84  7:59  Medivac  
  83  8:11  Marine x3  
  80  8:28  Engineering Bay  
  80  8:30  Engineering Bay  
  80  8:32  Command Center  
  80  8:33  Marine x3  
  83  8:39  Viking  
  85  8:44  Viking  
  83  8:50  Marine  
  83  8:54  Marine x2  
  73  9:08  Marine  
  74  9:12  Marine x2  
  64  9:26  Marine  
  64  9:29  SCV x2  
  64  9:30  Marine x2  
  66  9:41  SCV  
  66  9:44  Marine  
  63  9:48  Marine x2  
  55  10:02  SCV x2, Marine  
  55  10:03  SCV  
  55  10:05  Marine, Supply Depot  
  55  10:06  Marine  
  61  10:07  Terran Infantry Weapons Level 1  
  61  10:08  Terran Infantry Armor Level 1  
  61  10:14  SCV x2  
  63  10:15  SCV  
  63  10:19  Marine  
  56  10:23  Marine x2  
  56  10:26  SCV x2, Barracks  
  56  10:27  SCV  
  55  10:37  Marine  
  55  10:38  SCV x2  
  55  10:39  SCV  
  55  10:40  Siege Tank  
  55  10:41  Marine x2  
  62  10:43  Medivac  
  62  10:44  Liberator  
  67  10:51  SCV x3  
  67  10:55  Marine  
  71  10:59  Marine x2  
  71  11:03  SCV  
  73  11:11  SCV  
  73  11:12  SCV  
  73  11:13  Siege Tank, Marine  
  73  11:15  SCV  
  73  11:17  Marine x2  
  76  11:31  Marine  
  74  11:34  Marine  
  74  11:35  Marine  
  73  11:41  Barracks Reactor  
  73  11:42  Barracks  
  73  11:44  Barracks  
  66  11:49  Marine  
  66  11:52  Marine x2  
  64  11:58  SCV x2  
  64  11:59  SCV  
  62  12:06  Marine  
  62  12:08  Liberator x2  
  68  12:10  Marine x2, SCV  
  68  12:11  SCV  
  72  12:15  Planetary Fortress  
  72  12:22  SCV  
  72  12:24  Marine, Command Center  
  72  12:26  Armory  
  72  12:27  Marine x2  
  72  12:28  Marine x2  
  74  12:30  Planetary Fortress  
  74  12:33  Refinery x2  
  74  12:34  Marine  
  74  12:37  Siege Tank  
  78  12:42  SCV, Marine  
  78  12:43  Factory  
  80  12:45  Marine x2  
  80  12:46  Refinery, Marine x2  
  80  12:47  Refinery  
  80  12:51  Liberator x2  
  90  12:52  Marine  
  90  12:54  SCV  
  92  13:00  Marine  
  92  13:03  Marine x2  
  92  13:04  Marine x2  
  97  13:06  SCV  
  97  13:10  Marine  
  99  13:18  Marine, SCV  
  101  13:21  Marine x4  
  103  13:28  Marine  
  103  13:30  SCV  
  103  13:33  Liberator  
  107  13:35  Marine, Liberator  
  107  13:38  Marine  
  107  13:39  Marine x3  
  107  13:40  Siege Tank  
  118  13:45  Factory Tech Lab, Marine  
  119  13:53  Marine  
  120  13:56  Marine x2  
  120  13:57  Marine x2  
  123  14:03  Marine  
  119  14:11  Marine  
  119  14:14  Marine x2  
  119  14:15  Marine x2  
  119  14:16  Liberator  
  118  14:21  Marine  
  102  14:28  Liberator  
  102  14:29  Marine  
  97  14:32  Marine x2  
  97  14:33  Marine x2  
  100  14:39  Marine  
  100  14:41  SCV x3  
  103  14:47  Marine  
  103  14:50  Marine x3  
  103  14:51  Marine  
  102  14:57  Marine, Command Center  
  102  14:59  Liberator  
  106  15:04  Marine  
  105  15:07  Marine  
  105  15:08  Marine x3  
  105  15:10  Liberator  
  109  15:14  Marine  
  109  15:17  Command Center  
  109  15:19  Terran Infantry Weapons Level 2  
  110  15:22  Starport, Marine  
  110  15:25  Marine x2  
  110  15:26  Marine x2  
  110  15:27  SCV x2  
  117  15:32  Marine  
  117  15:33  Refinery x2  
  117  15:35  SCV  
  119  15:36  SCV  
  119  15:39  SCV x2  
  119  15:40  Marine  
  119  15:42  Viking  
  121  15:43  Marine x2  
  121  15:44  Marine x2  
  121  15:47  SCV  
  108  15:50  Marine  
  108  15:53  Viking  
  107  15:58  Marine  
  107  15:59  SCV  
  107  16:00  Siege Tank x2  
  107  16:01  Marine x2  
  107  16:02  Marine x2  
  117  16:08  Marine  
  117  16:11  SCV x4  
  121  16:12  Medivac  
  121  16:16  Marine  
  122  16:19  Marine x3  
  122  16:20  Marine  
  122  16:23  SCV x3, Viking  
  125  16:26  Marine  
  120  16:34  Marine  
  120  16:36  SCV  
  120  16:37  Marine x3, SCV x3  
  120  16:39  Orbital Command, Marine  
  128  16:42  Viking  
  128  16:44  Marine, Terran Infantry Armor Level 2  
  129  16:49  SCV x2  
  129  16:51  Marine  
  129  16:53  Medivac  
  129  16:54  Marine x2  
  129  16:55  SCV x2, Marine  
  129  16:57  Marine  
  129  17:01  SCV x2, Marine  
  137  17:07  SCV, Supply Depot  
  139  17:08  Supply Depot  
  139  17:15  Marine x5, Siege Tank  
  139  17:19  Marine  
  139  17:25  Siege Tank  
  133  17:33  Marine x5  
  129  17:37  Marine  
  128  17:51  Marine x5  
  126  17:55  Marine  
  117  18:09  Marine x5  
  117  18:10  Siege Tank x2  
  121  18:13  Marine  
  121  18:17  Bunker  
  117  18:26  Marine x3  
  117  18:27  Marine x2  
  113  18:30  Marine  
  113  18:33  Liberator x2  
  106  18:42  Siege Tank  
  106  18:44  Marine x5  
  114  18:48  Marine  
  114  18:50  Siege Tank  
  114  18:55  Supply Depot, Starport  
  118  18:57  Barracks  
  118  19:02  Marine x5  
  121  19:06  Marine  
  121  19:07  Command Center  
  124  19:10  Starport Reactor  
  124  19:14  Siege Tank  
  123  19:20  Marine x5  
  130  19:24  Marine  
Show
View Real Time Build Order
Export as new Build Order

blink Zerg 

Build Orders: Hatch First 

Get SALT Encoding   

  12  0:02  Drone  
  13  0:09  Drone  
  14  0:15  Extractor  
  14  0:16  Drone  
  15  0:22  Overlord  
  15  0:41  Drone  
  16  0:49  Hatchery  
  15  0:51  Drone  
  15  0:55  Drone  
  17  1:01  Drone  
  18  1:08  Drone  
  19  1:16  Spawning Pool  
  19  1:18  Extractor  
  17  1:20  Drone  
  18  1:30  Drone  
  19  1:43  Hatchery  
  18  1:50  Drone  
  19  1:54  Drone  
  20  2:03  Zergling x4  
  22  2:09  Queen  
  22  2:13  Drone  
  25  2:16  Drone  
  26  2:30  Zergling x4  
  28  2:39  Roach Warren  
  28  2:41  Extractor  
  28  2:42  Overlord  
  28  2:43  Drone  
  27  2:52  Drone  
  28  3:01  Spine Crawler, Zergling x2  
  28  3:02  Zergling x2  
  28  3:03  Drone  
  30  3:06  Drone  
  30  3:09  Drone  
  32  3:14  Drone  
  33  3:20  Roach  
  33  3:24  Roach  
  37  3:28  Roach  
  37  3:32  Roach  
  41  3:43  Drone  
  41  3:45  Overlord  
  41  3:46  Spore Crawler  
  41  3:52  Extractor  
  41  3:53  Roach  
  43  3:56  Overlord  
  43  4:05  Metabolic Boost  
  43  4:07  Roach  
  45  4:12  Roach  
  45  4:14  Roach  
  49  4:17  Roach  
  49  4:19  Drone  
  52  4:26  Roach  
  52  4:27  Roach  
  56  4:48  Roach  
  57  4:53  Drone  
  49  5:05  Roach x7  
  55  5:07  Roach  
  57  5:17  Ravager  
  57  5:19  Overlord  
  57  5:20  Overlord x2  
  48  5:39  Drone x4  
  48  5:40  Drone x3  
  55  5:48  Ravager  
  56  5:53  Ravager  
  55  5:58  Zergling x6  
  58  6:06  Roach  
  58  6:10  Drone x2  
  58  6:11  Drone x2  
  64  6:19  Extractor  
  64  6:20  Queen x2, Extractor  
  64  6:22  Zergling x6  
  69  6:36  Roach  
  69  6:37  Roach x3  
  72  6:48  Roach x3  
  70  6:58  Lair  
  70  7:00  Drone x3  
  73  7:09  Drone x3  
  76  7:17  Evolution Chamber  
  76  7:18  Roach x3, Evolution Chamber  
  80  7:29  Hatchery  
  79  7:32  Zergling x6  
  79  7:34  Baneling Nest, Overlord x2  
  79  7:45  Drone  
  79  7:46  Drone x2  
  82  8:01  Zergling x14  
  82  8:02  Zergling x4  
  82  8:05  Ravager  
  84  8:27  Zergling x18  
  84  8:31  Baneling x10  
  84  8:32  Baneling x2, Zergling x2  
  93  8:39  Roach x2  
  97  8:43  Zerg Ground Armor Level 1, Zerg Melee Weapons Level 1  
  80  8:55  Zergling x16  
  61  9:03  Roach x2  
  61  9:06  Ravager x2  
  56  9:23  Roach  
  50  9:24  Roach  
  50  9:25  Roach x7  
  55  9:52  Queen x2  
  58  9:58  Ravager  
  61  10:00  Ravager x2  
  61  10:01  Roach  
  61  10:02  Roach x2  
  69  10:08  Drone x2  
  66  10:24  Drone x4  
  66  10:25  Drone  
  71  10:35  Roach x4  
  79  10:41  Roach  
  81  10:43  Ravager  
  81  10:45  Overlord  
  82  10:59  Overlord  
  82  11:00  Hatchery  
  82  11:01  Zergling x2  
  82  11:06  Zergling x2  
  73  11:43  Zergling x18  
  62  11:55  Zergling x6  
  57  12:18  Roach x6  
  64  12:24  Zergling x2  
  64  12:28  Roach x2  
  63  12:33  Roach x3  
  69  12:38  Drone x3  
  69  12:39  Queen x2  
  69  12:43  Zerg Ground Armor Level 2, Zerg Melee Weapons Level 2  
  76  12:45  Centrifugal Hooks, Zergling x4  
  76  12:48  Ravager  
  76  12:49  Drone  
  80  13:00  Drone x5  
  85  13:06  Zergling x2  
  85  13:09  Roach  
  88  13:18  Roach x5  
  94  13:36  Drone  
  95  13:45  Spore Crawler  
  95  13:46  Overlord x2  
  95  13:47  Overlord x2  
  67  14:27  Drone  
  67  14:28  Drone x14  
  82  14:34  Ravager x3  
  85  14:40  Drone x2  
  87  14:54  Drone x4  
  87  14:55  Drone x4  
  95  15:01  Drone  
  95  15:02  Drone  
  93  15:18  Ravager x2  
  93  15:19  Roach x3  
  93  15:20  Roach x2  
  93  15:21  Zergling x2  
  106  15:22  Zergling x2  
  106  15:24  Zergling x2  
  106  15:28  Drone x3  
  110  15:31  Drone  
  106  15:55  Roach x8  
  119  15:59  Zergling x2  
  120  16:06  Overlord  
  120  16:07  Overlord x2  
  120  16:22  Roach  
  120  16:23  Roach x2  
  117  16:31  Ravager  
  115  16:33  Ravager  
  115  16:34  Ravager x2  
  115  16:35  Drone  
  115  16:36  Drone x9  
  128  16:43  Drone x4  
  132  16:55  Glial Reconstitution  
  132  16:57  Zerg Missile Weapons Level 1  
  132  17:04  Extractor  
  132  17:06  Extractor  
  130  17:09  Hatchery  
  105  17:45  Zergling x2  
  105  17:46  Zergling x24  
  116  18:00  Drone x4  
  116  18:14  Zergling x10  
  121  18:21  Zergling x2  
  118  18:34  Zergling x18  
  121  18:48  Roach  
  121  18:49  Roach x4  
  131  18:59  Infestation Pit  
  131  19:00  Drone x3  
  133  19:05  Overlord  
  133  19:14  Hatchery  
  123  19:28  Ravager x3  
  123  19:29  Ravager x2  
  123  19:30  Zergling x24  
Tags
 
Add a new tag
Caveats
  • Supply blocks, unpowered buildings, or Contaminate may cause inaccurate times.
  • Supply counts are checked every 10 seconds.